[Event "Titled Tuesday Blitz April 19 Late 2022"]
[White "Romero Ruscalleda, Josep"]
[Black "Solon, Nathan"]
[WhiteFideId "2231859"]
[BlackFideId "2017229"]
[WhiteElo "2317"]
[BlackElo "2571"]
[Result "0-1"]
[Round "03"]
[TimeControl "180+1"]
[Date "2022.04.19"]
[WhiteClock "0:00:02"]
[BlackClock "0:00:20"]

1. e4 c5 2. c3 Nf6 3. e5 Nd5 4. Nf3 d6 5. Bc4 Nb6 6. Bb3 c4 7. Bc2 Nc6 8. exd6 Qxd6 9. O-O Bg4 10. Re1 e6 11. Qe2 Be7 12. Na3 O-O 13. Nxc4 Nxc4 14. Qxc4 Bxf3 15. gxf3 e5 16. b3 Kh8 17. Qg4 Rad8 18. a4 g6 19. Re2 f5 20. Qg2 Qd5 21. f4 e4 22. Bb2 Bf6 23. Rd1 Nb4 24. c4 Qd6 25. Bxf6+ Rxf6 26. Bb1 Qxf4 27. d3 Rfd6 28. d4 Rxd4 29. Rde1 Rd1 30. Qh3 Qc1 31. Qe3 Rxe1+ 32. Rxe1 Qxe3 33. fxe3 Rd2 34. h4 Kg7 35. h5 g5 36. Rf1 f4 0-1


[Site "https://www.chess.com"]

[Event "Titled Tuesday Blitz April 19 Late 2022"]
[White "Ronka, Erik"]
[Black "Ostrovskiy, Aleksandr"]
[WhiteFideId "505080"]
[BlackFideId "2034239"]
[WhiteElo "2264"]
[BlackElo "2340"]
[Result "0-1"]
[Round "03"]
[TimeControl "180+1"]
[Date "2022.04.19"]
[WhiteClock "0:01:23"]
[BlackClock "0:01:48"]

1. e4 d5 2. d4 dxe4 3. Nc3 Nf6 4. f3 exf3 5. Nxf3 Bf5 6. Bg5 e6 7. Qd2 c6 8. a3 Be7 9. O-O-O Nbd7 10. h3 Ne4 11. Nxe4 Bxe4 12. Be3 Nf6 13. Ne5 Qc7 14. Rg1 Nd5 15. Bf2 h6 16. Kb1 Bf6 17. Nc4 O-O-O 18. g4 Nb6 19. Nxb6+ Qxb6 20. Rg3 Rd7 21. Rb3 Qxb3 0-1


[Site "https://www.chess.com"]

[Event "Titled Tuesday Blitz April 19 Late 2022"]
[White "Rosenberg, Evan S"]
[Black "Noboa Silva, Kevin"]
[WhiteFideId "2019299"]
[BlackFideId "3618471"]
[WhiteElo "2353"]
[BlackElo "2172"]
[Result "0-1"]
[Round "03"]
[TimeControl "180+1"]
[Date "2022.04.19"]
[WhiteClock "0:00:01"]
[BlackClock "0:00:58"]

1. d4 Nf6 2. Nf3 e6 3. c4 Bb4+ 4. Nc3 b6 5. Qb3 Nc6 6. Bg5 h6 7. Bxf6 Qxf6 8. e3 O-O 9. Be2 Bb7 10. O-O Bxc3 11. Qxc3 d6 12. Rac1 e5 13. d5 Ne7 14. Nd2 c6 15. Ne4 Qg6 16. Bd3 cxd5 17. cxd5 Nxd5 18. Qb3 Nxe3 19. fxe3 Bxe4 20. Bxe4 Qxe4 21. Rc7 d5 22. Rd7 Rad8 23. Rxa7 Rd6 24. g3 h5 25. Ra4 d4 26. Ra7 Qxe3+ 27. Qxe3 dxe3 28. Re7 f6 29. Re1 Rd2 30. Rxe3 Rc8 31. Re1 Rxb2 32. a4 Rcc2 33. Re8+ Kf7 34. Rh8 Rg2+ 35. Kh1 Rxh2+ 36. Kg1 Rbg2+ 37. Kf1 Ra2 38. Kg1 Rhg2+ 39. Kh1 Rxg3 40. Rxh5 Rxa4 41. Rf1 Kg6 42. Rh8 b5 0-1


[Site "https://www.chess.com"]

[Event "Titled Tuesday Blitz April 19 Late 2022"]
[White "Saldano Dayer, Horacio"]
[Black "Marin Masis, Jose Esteban"]
[WhiteFideId "103411"]
[BlackFideId "6508146"]
[WhiteElo "2419"]
[BlackElo "1710"]
[Result "1-0"]
[Round "03"]
[TimeControl "180+1"]
[Date "2022.04.19"]
[WhiteClock "0:00:15"]
[BlackClock "0:00:13"]

1. b3 d5 2. e3 e5 3. Bb2 Nc6 4. Bb5 Bd6 5. f4 Qh4+ 6. g3 Qe7 7. Nf3 f6 8. O-O Bd7 9. Nc3 e4 10. Nh4 Qf7 11. d3 exd3 12. Qxd3 Nge7 13. e4 Bc5+ 14. Kh1 O-O-O 15. exd5 Bh3 16. Bxc6 Nxc6 17. Rfd1 Nb4 18. Qc4 Bd6 19. Nb5 a5 20. a3 Na6 21. b4 axb4 22. Nxd6+ Rxd6 23. axb4 Nb8 24. Ra8 c6 25. Qc5 Qc7 26. Rda1 Rhd8 27. Rxb8+ Kxb8 28. Qa7+ Kc8 29. c4 cxd5 30. c5 d4 31. cxd6 Qc6+ 32. Kg1 d3 33. Qc5 Qxc5+ 34. bxc5 b6 35. Ra8+ Kd7 36. Rxd8+ Kxd8 37. c6 b5 38. Bc3 Be6 39. Ba5+ Kc8 40. d7+ Bxd7 41. cxd7+ Kxd7 42. Kf1 Kc6 43. Ke1 Kd5 44. Kd2 Kc4 45. Nf3 b4 46. Bxb4 Kxb4 47. Kxd3 Kc5 48. Ke4 Kd6 49. Kf5 Ke7 50. Nh4 Kf7 51. g4 g6+ 52. Nxg6 hxg6+ 53. Ke4 Ke6 54. f5+ Kf7 55. Kf4 g5+ 56. Kg3 Ke7 57. h4 Kf7 58. h5 Kg7 59. Kf3 Kf7 60. Ke4 Ke7 61. Kd5 Kf7 62. Kd6 Kg7 63. Ke7 1-0


[Site "https://www.chess.com"]

[Event "Titled Tuesday Blitz April 19 Late 2022"]
[White "Sanchez Alvares, Kelvin Antonio"]
[Black "Baker, Chris W"]
[WhiteFideId "3906680"]
[BlackFideId "401676"]
[WhiteElo "2193"]
[BlackElo "2232"]
[Result "1-0"]
[Round "03"]
[TimeControl "180+1"]
[Date "2022.04.19"]
[WhiteClock "0:01:49"]
[BlackClock "0:00:01"]

1. e4 e5 2. Nf3 Nc6 3. Bb5 a6 4. Ba4 Nf6 5. O-O Be7 6. Nc3 O-O 7. Re1 b5 8. Bb3 d6 9. a4 b4 10. Nd5 Na5 11. Ba2 Nxd5 12. Bxd5 Bb7 13. Bxb7 Nxb7 14. d4 exd4 15. Qxd4 a5 16. Be3 Bf6 17. Qd5 Qc8 18. Bd4 c6 19. Qc4 Bxd4 20. Nxd4 Nc5 21. Nf5 Qc7 22. Qd4 Ne6 23. Qxd6 Qxd6 24. Nxd6 Rfd8 25. e5 f6 26. Nc4 Nd4 27. Rac1 fxe5 28. Nxe5 Re8 29. f4 Rad8 30. c3 Nb3 31. Rcd1 bxc3 32. bxc3 Rc8 33. Rd7 Nc5 34. Ra7 Nxa4 35. Rb1 Rb8 36. Rxb8 Rxb8 37. c4 Nc3 38. Nxc6 Rb1+ 39. Kf2 a4 40. Ne5 1-0


[Site "https://www.chess.com"]

[Event "Titled Tuesday Blitz April 19 Late 2022"]
[White "Sanchez, Robert"]
[Black "Taboas Rodriguez, Daniel"]
[WhiteFideId "2034360"]
[BlackFideId "2208466"]
[WhiteElo "2380"]
[BlackElo "2429"]
[Result "1-0"]
[Round "03"]
[TimeControl "180+1"]
[Date "2022.04.19"]
[WhiteClock "0:00:36"]
[BlackClock "0:01:32"]

1. e4 e6 2. d4 d5 3. Nd2 Nc6 4. Ngf3 Nf6 5. e5 Ne4 6. Bd3 Nxd2 7. Bxd2 Nb4 8. Be2 c5 9. c3 Nc6 10. Bd3 h6 11. O-O Bd7 12. a3 c4 13. Bc2 b5 14. b4 cxb3 15. Bxb3 Na5 16. Bc2 Nc4 17. a4 Nb2 18. Qe2 Nxa4 19. Bxa4 bxa4 20. c4 dxc4 21. Qxc4 Be7 22. d5 exd5 23. Qxd5 O-O 24. Rfd1 Be6 25. Qe4 Bb3 26. Re1 Qb6 27. Be3 Qe6 28. Nd4 Qc4 29. Rac1 Qb4 30. Qf3 a5 31. Nc6 Qb7 32. Nxe7+ Qxe7 33. Bc5 Qe6 34. Bxf8 Rxf8 35. Rc5 Qb6 36. Qc3 Ra8 37. Rc8+ Rxc8 38. Qxc8+ Kh7 39. Qf5+ g6 40. Qf6 a3 41. Qxb6 1-0


[Site "https://www.chess.com"]

[Event "Titled Tuesday Blitz April 19 Late 2022"]
[White "Santiago, Yago De Moura"]
[Black "Svane, Rasmus"]
[WhiteFideId "2103877"]
[BlackFideId "4657101"]
[WhiteElo "2475"]
[BlackElo "2645"]
[Result "0-1"]
[Round "03"]
[TimeControl "180+1"]
[Date "2022.04.19"]
[WhiteClock "0:00:43"]
[BlackClock "0:01:05"]

1. d4 d5 2. c4 e6 3. Nf3 a6 4. g3 dxc4 5. Bg2 b5 6. O-O Bb7 7. a4 Nf6 8. Bg5 Nbd7 9. Nc3 b4 10. Nb1 c5 11. Nbd2 c3 12. bxc3 bxc3 13. Nc4 Rc8 14. Nfe5 Bxg2 15. Kxg2 Be7 16. a5 O-O 17. Bxf6 Bxf6 18. Nxd7 Qxd7 19. Nb6 Qb7+ 20. Kg1 Rcd8 21. e3 cxd4 22. exd4 Bxd4 23. Qg4 Bxb6 24. axb6 Qxb6 25. Rac1 Qc5 26. h4 Rd3 27. h5 h6 28. Rc2 Rd2 29. Rfc1 Rxc2 30. Rxc2 Rc8 0-1


[Site "https://www.chess.com"]

[Event "Titled Tuesday Blitz April 19 Late 2022"]
[White "Saraci, Nderim"]
[Black "Davtyan, David Arm."]
[WhiteFideId "6351921"]
[BlackFideId "13310046"]
[WhiteElo "2553"]
[BlackElo "2158"]
[Result "1/2-1/2"]
[Round "03"]
[TimeControl "180+1"]
[Date "2022.04.19"]
[WhiteClock "0:00:08"]
[BlackClock "0:00:19"]

1. b3 Nf6 2. Bb2 c5 3. e3 Nc6 4. Nf3 g6 5. Be2 Bg7 6. O-O O-O 7. d4 cxd4 8. Nxd4 d5 9. Nd2 Re8 10. c4 e5 11. Nxc6 bxc6 12. Nf3 Ne4 13. Rc1 Bb7 14. cxd5 cxd5 15. Bb5 Re6 16. Bd3 f5 17. Rc2 g5 18. Qa1 d4 19. Bc4 Bd5 20. exd4 g4 21. Nxe5 Bxe5 22. dxe5 Bxc4 23. Rxc4 Qh4 24. Qc1 Rae8 25. Rc8 Kf7 26. Rxe8 Rxe8 27. Qc7+ Re7 28. e6+ Kxe6 29. Qe5+ Kf7 30. Qxf5+ Kg8 31. Bf6 Nxf6 32. Rd1 Kg7 33. g3 Qh6 34. Qc5 Rf7 35. Rd6 Qg6 36. Ra6 Qb1+ 37. Kg2 Qe4+ 38. Kg1 Nd5 39. Rxa7 Rxa7 40. Qxa7+ Kg6 41. Qa6+ Nf6 42. a4 h5 43. a5 h4 44. gxh4 Qe1+ 45. Qf1 Qxa5 46. Qd3+ Kh5 47. h3 gxh3 48. Qxh3 Ng4 49. Qf3 Qe5 50. Kg2 Qh2+ 51. Kf1 Qe5 52. b4 Qb5+ 53. Kg2 Qxb4 54. Kg3 Qd6+ 55. Qf4 Qg6 56. f3 Ne5+ 57. Kh3 Qe6+ 58. Kh2 Qa2+ 59. Kg3 Qg8+ 60. Kh3 Qc8+ 61. Kg2 Qc2+ 62. Kg3 Qg6+ 63. Kh2 Qc2+ 64. Kh3 Qc8+ 65. Kg2 Qc2+ 66. Kg3 Qg6+ 1/2-1/2


[Site "https://www.chess.com"]

[Event "Titled Tuesday Blitz April 19 Late 2022"]
[White "Sarana, Alexey"]
[Black "Zakhartsov, Vladimir"]
[WhiteFideId "24133795"]
[BlackFideId "4145097"]
[WhiteElo "2666"]
[BlackElo "2491"]
[Result "1-0"]
[Round "03"]
[TimeControl "180+1"]
[Date "2022.04.19"]
[WhiteClock "0:00:07"]
[BlackClock "0:00:04"]

1. d4 Nf6 2. c4 e6 3. Nc3 d5 4. cxd5 exd5 5. Bg5 Be7 6. e3 c6 7. Bd3 Ne4 8. Bxe7 Qxe7 9. Bxe4 dxe4 10. Nge2 O-O 11. O-O Nd7 12. Qc2 Nf6 13. h3 Bf5 14. Ng3 Bg6 15. Qa4 h5 16. Qa5 Rfe8 17. Qg5 Rad8 18. Rac1 Nd5 19. Qxe7 Rxe7 20. h4 Nb4 21. Nce2 Nd3 22. Rc2 Rd5 23. Rd1 f5 24. Nf1 Bf7 25. Nc3 Rd6 26. Ng3 g6 27. Nge2 Nb4 28. Rcd2 Nxa2 29. Nxa2 Bxa2 30. Ra1 Bc4 31. Rxa7 Bxe2 32. Rxe2 Rd5 33. Kh2 f4 34. Rc2 fxe3 35. fxe3 Rb5 36. Kg3 Rb3 37. Ra3 Rb5 38. Rac3 Kg7 39. Rc5 Rb3 40. Re2 Re6 41. Kf4 Kf6 42. g4 hxg4 43. Kxg4 Rd3 44. b4 Rb3 45. b5 Rxb5 46. Rxb5 cxb5 47. Rb2 Rb6 48. Kf4 b4 49. Kxe4 b3 50. Kd3 Kf5 51. e4+ Kf4 52. e5 Kg4 53. Kc4 Kxh4 54. d5 g5 55. Rxb3 Rg6 56. d6 g4 57. d7 Rg8 58. e6 g3 59. Rxg3 Kxg3 60. e7 b5+ 61. Kxb5 1-0


[Site "https://www.chess.com"]

[Event "Titled Tuesday Blitz April 19 Late 2022"]
[White "Schekachikhin, Maksim"]
[Black "Kaganskiy, Gleb"]
[WhiteFideId "24177830"]
[BlackFideId "4132025"]
[WhiteElo "2230"]
[BlackElo "2165"]
[Result "1-0"]
[Round "03"]
[TimeControl "180+1"]
[Date "2022.04.19"]
[WhiteClock "0:00:29"]
[BlackClock "0:00:12"]

1. d4 d6 2. e4 Nf6 3. Nc3 e5 4. Nf3 Nbd7 5. Bc4 Be7 6. O-O c6 7. Re1 b5 8. Bf1 O-O 9. Bg5 Qc7 10. a4 b4 11. Ne2 h6 12. Bxf6 Bxf6 13. Ng3 Re8 14. Qd2 a5 15. Rad1 exd4 16. Nxd4 Nc5 17. b3 Bg4 18. f3 Bd7 19. Bc4 Rad8 20. Nh5 Be7 21. Qf4 Ne6 22. Qg3 d5 23. f4 g6 24. exd5 cxd5 25. Nxe6 Bxe6 26. Rxe6 Bc5+ 27. Kh1 Rxe6 28. Bxd5 Red6 29. f5 Rxd5 30. Rxd5 Rxd5 31. Nf6+ Kg7 32. Nxd5 Qxg3 33. f6+ Kf8 34. hxg3 Ke8 35. Kh2 Kd7 36. g4 Ke6 37. Ne3 Kxf6 38. Nc4 Ke6 39. Nxa5 Kd5 40. Nb7 Be7 41. Kg3 Kc6 42. Na5+ Kd5 43. Kf3 Kd4 44. Nc6+ Kc3 45. Nxe7 Kxc2 46. a5 Kxb3 47. a6 Kc2 48. a7 b3 49. a8=Q b2 50. Qb7 b1=Q 51. Qxb1+ Kxb1 52. Ng8 Kc2 53. Nxh6 Kd3 54. Nxf7 Kd4 55. Nh8 1-0


[Site "https://www.chess.com"]

[Event "Titled Tuesday Blitz April 19 Late 2022"]
[White "Senthilkumar, Pranav"]
[Black "Barrientos, Sergio E"]
[WhiteFideId "2083477"]
[BlackFideId "4401824"]
[WhiteElo "2477"]
[BlackElo "2397"]
[Result "0-1"]
[Round "03"]
[TimeControl "180+1"]
[Date "2022.04.19"]
[WhiteClock "0:01:21"]
[BlackClock "0:02:09"]

1. Nf3 Nf6 2. g3 g6 3. Bg2 Bg7 4. O-O O-O 5. c4 d6 6. d4 Nc6 7. Nc3 Bf5 8. d5 Na5 9. Nd2 c5 10. e4 Bg4 11. f3 Bd7 12. a3 Rc8 13. Qe2 e6 14. Kh1 exd5 15. cxd5 Re8 16. b3 Nxd5 17. Nxd5 Bxa1 18. b4 Nc6 19. Nb3 Nd4 20. Nxd4 Bxd4 21. Bb2 Be6 22. Bxd4 cxd4 23. Qd2 Bxd5 24. exd5 Qf6 25. f4 Rc3 26. Rd1 Rxa3 27. Qc2 d3 28. Rxd3 Re1+ 29. Bf1 Rxf1+ 30. Kg2 Rfa1 31. Qc8+ Kg7 32. Rxa3 Rxa3 33. Qxb7 Qb2+ 34. Kh3 Qf2 35. f5 Qxf5+ 0-1


[Site "https://www.chess.com"]

[Event "Titled Tuesday Blitz April 19 Late 2022"]
[White "Shimanov, Aleksandr"]
[Black "Najer, Evgeniy"]
[WhiteFideId "4198603"]
[BlackFideId "4118987"]
[WhiteElo "2636"]
[BlackElo "2562"]
[Result "0-1"]
[Round "03"]
[TimeControl "180+1"]
[Date "2022.04.19"]
[WhiteClock "0:00:04"]
[BlackClock "0:00:22"]

1. d4 d5 2. Nc3 Nf6 3. Bf4 Bf5 4. f3 e6 5. g4 Bg6 6. h4 h6 7. h5 Bh7 8. e3 a6 9. Bd3 Bxd3 10. cxd3 c5 11. dxc5 Bxc5 12. d4 Bd6 13. Bxd6 Qxd6 14. f4 Nc6 15. Nh3 O-O-O 16. Nf2 Kb8 17. Qa4 Rc8 18. Rg1 Rc7 19. Nd3 Rhc8 20. Rd1 Nd7 21. Qc2 Na5 22. Qe2 Nc4 23. Rc1 f6 24. Kf2 e5 25. dxe5 fxe5 26. f5 Nf6 27. Kg2 d4 28. exd4 exd4 29. Nd1 Re7 30. Qf3 Nd5 31. Kh1 Nde3 32. N1f2 Nd2 33. Qf4 Qxf4 34. Nxf4 Rec7 35. Rxc7 Rxc7 36. Ne6 Rc2 37. Nxd4 Rxb2 38. Re1 Ndc4 39. Nd3 Rd2 40. Ne6 Rxd3 41. Nxg7 Nxg4 42. Re8+ Ka7 43. Ne6 Nce3 0-1


[Site "https://www.chess.com"]

[Event "Titled Tuesday Blitz April 19 Late 2022"]
[White "Sirosh, Ilja"]
[Black "Moskalenko, Alexander"]
[WhiteFideId "4500458"]
[BlackFideId "4155351"]
[WhiteElo "2241"]
[BlackElo "2434"]
[Result "0-1"]
[Round "03"]
[TimeControl "180+1"]
[Date "2022.04.19"]
[WhiteClock "0:00:02"]
[BlackClock "0:00:04"]

1. e4 c5 2. Nf3 e6 3. d4 cxd4 4. Nxd4 a6 5. g3 d5 6. Nb3 Nf6 7. exd5 exd5 8. Bg2 Bg4 9. Qd3 Bb4+ 10. Bd2 Be7 11. O-O Nc6 12. Nc3 Nb4 13. Qd4 Nxc2 14. Qe5 Nxa1 15. Rxa1 O-O 16. Nxd5 Nxd5 17. Qxd5 Be6 18. Qxb7 Rb8 19. Qa7 Bxb3 20. axb3 Qxd2 21. Qxe7 Qxb2 22. Rxa6 Qb1+ 23. Bf1 Qxb3 24. Qa3 Qd5 25. Qd3 Qxd3 26. Bxd3 Rfd8 27. Be4 g6 28. h4 Rd1+ 29. Kg2 Rb2 30. Rf6 Rd4 31. Ba8 Kg7 32. Rf3 h5 33. Bc6 Rd6 34. Be4 f5 35. Bd3 Kf6 36. Bc4 Rd4 37. Ba6 Ra4 38. Bc8 Ra7 39. Rd3 Rc7 40. Ba6 Rc6 41. Ra3 g5 42. hxg5+ Kxg5 43. Bd3 Rd6 44. Bc4 Rdd2 45. Rf3 Rd4 46. Be6 f4 47. gxf4+ Rxf4 48. Rxf4 Kxf4 49. Bd7 h4 50. Bc8 Rb8 51. Bd7 Rg8+ 52. Kh3 Rg1 53. Bc6 Rf1 54. Kxh4 Rc1 55. Bg2 Rc2 56. Kh5 Rxf2 57. Bb7 Kf5 58. Kh6 Kf6 59. Kh7 Rb2 60. Bd5 Rb5 61. Be4 Rb4 62. Bd3 Rd4 63. Bc2 Rd7+ 64. Kh6 Rc7 65. Be4 Rc8 66. Bh7 Rh8 0-1


[Site "https://www.chess.com"]

[Event "Titled Tuesday Blitz April 19 Late 2022"]
[White "Skliarov, Viktor"]
[Black "Pourkashiyan, Atousa"]
[WhiteFideId "14106736"]
[BlackFideId "12502014"]
[WhiteElo "2229"]
[BlackElo "2247"]
[Result "1-0"]
[Round "03"]
[TimeControl "180+1"]
[Date "2022.04.19"]
[WhiteClock "0:01:30"]
[BlackClock "0:01:04"]

1. e4 e5 2. Nc3 Nf6 3. Bc4 Bb4 4. Nge2 O-O 5. a3 Bxc3 6. Nxc3 Nxe4 7. Nxe4 d5 8. Bd3 dxe4 9. Bxe4 Nc6 10. Bxc6 bxc6 11. O-O Bf5 12. d3 Bg6 13. Re1 f6 14. Be3 Qd6 15. b4 a5 16. Bc5 Qd5 17. Bxf8 Kxf8 18. bxa5 Qxa5 19. Qb1 Qa7 20. Qb4+ Ke8 21. Reb1 Rd8 22. a4 Bf7 23. a5 Bd5 24. a6 c5 25. Qb5+ Ke7 26. Ra5 Kd6 27. h3 h5 28. c3 g5 29. d4 exd4 30. cxd4 Bc6 31. Qxc5+ Qxc5 32. dxc5+ Ke6 33. a7 1-0


[Site "https://www.chess.com"]

[Event "Titled Tuesday Blitz April 19 Late 2022"]
[White "Sowa, Ryan"]
[Black "Andreikin, Dmitry"]
[WhiteFideId "30901693"]
[BlackFideId "4158814"]
[WhiteElo "2620"]
[BlackElo "2736"]
[Result "0-1"]
[Round "03"]
[TimeControl "180+1"]
[Date "2022.04.19"]
[WhiteClock "0:00:05"]
[BlackClock "0:01:09"]

1. Nf3 d5 2. d4 Nf6 3. c4 e6 4. g3 Bb4+ 5. Bd2 Be7 6. Bg2 O-O 7. O-O a5 8. Qc2 c6 9. Rd1 b5 10. c5 b4 11. a3 bxa3 12. Rxa3 Ne4 13. Be1 Qc7 14. Nc3 f5 15. Na4 Nd7 16. Rda1 Ba6 17. Nb6 Nxb6 18. Bxa5 Bb5 19. Bxb6 Rxa3 20. Rxa3 Qb8 21. Ne5 Qe8 22. e3 Bf6 23. f3 Ng5 24. h4 Bxe5 25. dxe5 Nf7 26. f4 Nh6 27. Bf3 Qg6 28. Kh2 Ng4+ 29. Bxg4 Qxg4 30. b4 Qf3 31. Ra1 Qxe3 32. Rg1 h6 33. Rg2 Ra8 34. Ba5 d4 35. Qd2 Qe4 36. Rg1 d3 37. Re1 Qd5 38. Kg1 Ra7 39. Kf2 Rd7 40. Rg1 Qd4+ 41. Kf1 Qe4 42. Kf2 Kh7 43. Re1 Qd4+ 44. Re3 Kg6 45. Kf3 Kh5 46. Kf2 Kg6 47. Kf3 Qd5+ 48. Kf2 Qh1 49. Re1 Qh2+ 50. Ke3 Qxg3# 0-1


[Site "https://www.chess.com"]

[Event "Titled Tuesday Blitz April 19 Late 2022"]
[White "Soysal, Serkan"]
[Black "Bowden, Karl"]
[WhiteFideId "6349250"]
[BlackFideId "400548"]
[WhiteElo "2440"]
[BlackElo "2337"]
[Result "1-0"]
[Round "03"]
[TimeControl "180+1"]
[Date "2022.04.19"]
[WhiteClock "0:00:10"]
[BlackClock "0:00:04"]

1. Nf3 Nf6 2. g3 g6 3. Bg2 Bg7 4. O-O O-O 5. d4 Nc6 6. d5 Na5 7. Nc3 c6 8. e4 cxd5 9. exd5 d6 10. h3 Bd7 11. Nd4 Rc8 12. Re1 Re8 13. a4 a6 14. Nb3 Nc4 15. a5 Qc7 16. g4 h5 17. g5 Nh7 18. Nd4 Qc5 19. Re4 e5 20. dxe6 fxe6 21. Nb3 Qc7 22. Qd3 Ne5 23. Qe2 Rf8 24. f4 Nc4 25. Rxe6 Bxe6 26. Qxe6+ Kh8 27. Qxg6 Rce8 28. Be4 Bxc3 29. bxc3 d5 30. Bxd5 Re1+ 31. Kg2 Rfe8 32. Bf3 Qd7 33. Nd4 1-0


[Site "https://www.chess.com"]

[Event "Titled Tuesday Blitz April 19 Late 2022"]
[White "Szpar, Milosz"]
[Black "Constantinou, Peter"]
[WhiteFideId "1184989"]
[BlackFideId "413038"]
[WhiteElo "2447"]
[BlackElo "2230"]
[Result "1-0"]
[Round "03"]
[TimeControl "180+1"]
[Date "2022.04.19"]
[WhiteClock "0:01:49"]
[BlackClock "0:01:07"]

1. e4 g6 2. d4 Bg7 3. Nf3 c6 4. Bd3 d5 5. e5 Bg4 6. Nbd2 e6 7. h3 Bxf3 8. Nxf3 a6 9. h4 h5 10. c3 Nd7 11. Bg5 Qc7 12. b4 Ne7 13. a4 a5 14. O-O Nf5 15. Bxf5 gxf5 16. Ne1 Nb6 17. Nd3 Bf8 18. Nf4 axb4 19. Nxh5 Be7 20. Nf6+ Bxf6 21. Bxf6 Rh7 22. cxb4 Nc4 23. Qd3 Kd7 24. b5 c5 25. Rfc1 cxd4 26. Qxd4 b6 27. Rxc4 Qxc4 28. Qxb6 Qc7 29. Qxc7+ Kxc7 30. a5 Kb7 31. Be7 Rhh8 32. Bc5 Kc7 33. a6 Rhb8 34. Bd6+ Kb6 35. Bxb8 Rxb8 36. a7 Ra8 37. h5 Kxb5 38. h6 d4 39. h7 d3 40. h8=Q Rxh8 41. a8=Q Rxa8 42. Rxa8 1-0


[Site "https://www.chess.com"]

[Event "Titled Tuesday Blitz April 19 Late 2022"]
[White "Sztokbant, Bernardo Vainzoff"]
[Black "Janturin, Artur"]
[WhiteFideId "2115956"]
[BlackFideId "4130022"]
[WhiteElo "2225"]
[BlackElo "2371"]
[Result "0-1"]
[Round "03"]
[TimeControl "180+1"]
[Date "2022.04.19"]
[WhiteClock "0:00:01"]
[BlackClock "0:00:04"]

1. e4 a6 2. d4 b5 3. Bd3 Bb7 4. Nd2 Nf6 5. Ngf3 e6 6. O-O c5 7. c3 Be7 8. Qe2 cxd4 9. cxd4 Nc6 10. Re1 Rc8 11. Nf1 Qb6 12. Be3 Nb4 13. d5 Bc5 14. Bxc5 Rxc5 15. Bb1 Qc7 16. d6 Qc8 17. e5 Nfd5 18. N1d2 Nc2 19. Bxc2 Rxc2 20. b3 O-O 21. Nd4 Rb2 22. Rec1 Qa8 23. g3 f6 24. N4f3 Qa7 25. a4 b4 26. Qc4 fxe5 27. Rc2 Rxc2 28. Qxc2 e4 29. Qxe4 Nc3 30. Qg4 Qc5 31. Re1 Qxd6 32. Ng5 h6 33. Nc4 Qc5 0-1


[Site "https://www.chess.com"]

[Event "Titled Tuesday Blitz April 19 Late 2022"]
[White "Taichman, Ori"]
[Black "Debray, Christopher"]
[WhiteFideId "2804069"]
[BlackFideId "630810"]
[WhiteElo "2227"]
[BlackElo "2377"]
[Result "0-1"]
[Round "03"]
[TimeControl "180+1"]
[Date "2022.04.19"]
[WhiteClock "0:00:07"]
[BlackClock "0:00:10"]

1. e4 c6 2. d4 d5 3. e5 c5 4. dxc5 e6 5. a3 Bxc5 6. Nf3 f5 7. b4 Bb6 8. Bg5 Ne7 9. h4 a5 10. Nc3 axb4 11. axb4 Rxa1 12. Qxa1 h6 13. Bd2 O-O 14. Bd3 Nbc6 15. Ne2 Bc7 16. b5 Na5 17. h5 Nc4 18. Bb4 Ba5 19. Bxa5 Qxa5+ 20. Qxa5 Nxa5 21. Rh4 Bd7 22. Ra4 b6 23. Nf4 Rc8 24. Nd4 Kf7 25. Kd2 g5 26. hxg6+ Nxg6 27. Nxg6 Kxg6 28. Ne2 Kf7 29. Rh4 Kg7 30. Nf4 Nc4+ 31. Bxc4 Rxc4 32. Nh5+ Kg6 33. Rxc4 dxc4 34. Nf4+ Kf7 35. Kc3 Bxb5 36. Kb4 Ba6 37. c3 Ke7 38. Ne2 Kf7 39. Nf4 Ke7 40. Nh5 Kf7 41. Nf6 f4 42. Ne4 Kg6 43. Nd6 h5 44. Ne8 h4 45. Nc7 Kf5 46. f3 Bb7 47. Kxc4 Bxf3 48. Ne8 Bxg2 49. Kd4 h3 50. Nd6+ Kg4 51. Ne8 h2 52. Nf6+ Kg5 53. Nh7+ Kh6 54. Nf8 h1=Q 55. Nxe6 f3 56. Kd5 f2+ 57. Kd6 f1=Q 58. c4 Qd1+ 59. Ke7 Qh4+ 60. Ke8 Bh3 61. c5 Bxe6 62. cxb6 0-1


[Site "https://www.chess.com"]

[Event "Titled Tuesday Blitz April 19 Late 2022"]
[White "Tanenbaum, Zachary"]
[Black "Bibasa, Bob"]
[WhiteFideId "2060850"]
[BlackFideId "10000240"]
[WhiteElo "2168"]
[BlackElo "2056"]
[Result "1-0"]
[Round "03"]
[TimeControl "180+1"]
[Date "2022.04.19"]
[WhiteClock "0:00:57"]
[BlackClock "0:00:13"]

1. e4 c5 2. Nf3 d6 3. d4 cxd4 4. Nxd4 Nf6 5. Nc3 a6 6. Be3 e5 7. Nb3 Be6 8. h3 Be7 9. f4 exf4 10. Bxf4 Nc6 11. Qe2 b5 12. O-O-O Qc7 13. Kb1 O-O 14. g4 b4 15. Nd5 Bxd5 16. exd5 Ne5 17. g5 Nfd7 18. h4 a5 19. h5 a4 20. Nd4 Nb6 21. Nc6 a3 22. Bxe5 dxe5 23. g6 fxg6 24. hxg6 h6 25. Qb5 axb2 26. Nxe7+ Kh8 27. d6 Qc3 28. Nd5 Qa3 29. Bc4 Na4 30. Bb3 Nc3+ 31. Nxc3 bxc3 32. Rxh6+ gxh6 33. Qxe5+ 1-0


[Site "https://www.chess.com"]

[Event "Titled Tuesday Blitz April 19 Late 2022"]
[White "Tristan, Leonardo"]
[Black "Jobava, Baadur"]
[WhiteFideId "113816"]
[BlackFideId "13601520"]
[WhiteElo "2404"]
[BlackElo "2617"]
[Result "0-1"]
[Round "03"]
[TimeControl "180+1"]
[Date "2022.04.19"]
[WhiteClock "0:01:07"]
[BlackClock "0:01:54"]

1. d4 Nf6 2. Nf3 g6 3. Bf4 Bg7 4. e3 O-O 5. Be2 d6 6. O-O Nh5 7. Bg5 h6 8. Bh4 g5 9. Nfd2 gxh4 10. Bxh5 e5 11. d5 e4 12. Qc1 Qg5 13. Be2 Bh3 14. g3 hxg3 15. hxg3 f5 16. Rd1 Be5 17. Nf1 Nd7 18. Nbd2 Qg7 19. Kh2 Bxb2 20. Qb1 Bxf1 21. Nxf1 Bxa1 22. Qxa1 Qxa1 23. Rxa1 Kg7 24. Rb1 Nc5 25. Nd2 Kf6 26. Nc4 a6 27. Na5 Rab8 28. c4 Ke5 29. Kg2 Kf6 30. Rh1 Rh8 31. Rb1 h5 32. Kh3 h4 33. gxh4 Ke5 34. h5 f4 35. Rg1 Rbg8 36. Rb1 f3 37. Bf1 Rxh5# 0-1


[Site "https://www.chess.com"]

[Event "Titled Tuesday Blitz April 19 Late 2022"]
[White "Tsukerman, Julia"]
[Black "Kalogridis, Antonios"]
[WhiteFideId "2621649"]
[BlackFideId "25833901"]
[WhiteElo "2230"]
[BlackElo "1596"]
[Result "0-1"]
[Round "03"]
[TimeControl "180+1"]
[Date "2022.04.19"]
[WhiteClock "0:00:15"]
[BlackClock "0:01:21"]

1. e4 a6 2. d4 g6 3. Nc3 h6 4. Be3 Bg7 5. f3 b6 6. Qd2 c6 7. O-O-O d6 8. g4 e6 9. h4 d5 10. e5 Nd7 11. f4 h5 12. gxh5 Rxh5 13. Qf2 Ne7 14. Be2 Rh8 15. h5 Nf5 16. Bd2 c5 17. Nf3 Rxh5 18. Rxh5 gxh5 19. Rh1 h4 20. dxc5 bxc5 21. Nxh4 Nd4 22. Bd1 Bb7 23. Rg1 Bf8 24. Rg8 Qe7 25. Ne2 Nxe2+ 26. Bxe2 O-O-O 27. Nf3 Bh6 28. Rg1 f6 29. Qf1 fxe5 30. Nxe5 Nxe5 31. fxe5 Bxd2+ 32. Kxd2 c4 33. Kc1 Qc5 34. Rg3 Rf8 35. Qh3 Qf2 36. Qxe6+ Kb8 37. Qg4 Bc8 38. Qg7 Qxe2 0-1


[Site "https://www.chess.com"]